Unix NetHack Version 5.0.0-0 post-release - last build Jun 10 2026 00:39:30 (3ee93aec679c4c4259841fe613dc97188e26a321,branch:main).

Game began 2026-06-13 13:55:15, ended 2026-06-13 14:05:48.

Jobair, lawful female human Archeologist

             ------
             |.....#
             |....|#
             |....|#  --|--
             -.----###....|
              #       |...|
              #       |.^.----
 ------       #       |......|
 |....|       #       |0.0000| @
 |...<|       #       |...0.0| #
 |.....####---|-      ----....##
 |....|   #|....#########|^00| ##
 |....|   #|...|     ## #|0    ##
 |....|   #....|        #     ###
 ------    |...|        # ##### #
           -----        ###     ###########

Jobair the Field Worker    St:14 Dx:9 Co:13 In:15 Wi:14 Ch:11  Lawful
Dlvl:5  $:63 HP:27(27) Pw:12(12) AC:8  Xp:3 T:1624 

Latest messages:
 Godzilla eats a floating eye corpse.
 You can move again.
 You see here 4 gold pieces.
 $ - 4 gold pieces (60 in total).
 You see here 5 uncursed darts.
 s - 5 uncursed darts (at the ready).
 You swap places with Godzilla.
 You see here a gold piece.
 $ - a gold piece (61 in total).
 You see here a gold piece.
 Godzilla drops a gold piece.
 $ - a gold piece (62 in total).
 You see here a black gem.
 Godzilla picks up a gold piece.
 D - a black gem.
 You swap places with Godzilla.
 Godzilla drops a gold piece.
 You find a hidden door.
 There is a doorway here.
 You see here a gold piece.
 $ - a gold piece (63 in total).
 What do you want to use or apply?
 What do you want to rub on the stone?
 D - an obsidian stone.
 The door opens.
 You lash the homunculus.
 The homunculus bites!
 You lash the homunculus.
 The homunculus bites!
 You kill the homunculus!
 You swap places with Godzilla.
 Click!  Godzilla triggers something.
 The boulder hits Godzilla!
 Godzilla is killed!
 With great effort you move the boulder.
 You find a rolling boulder trap.
 You hear the footsteps of a guard on patrol.
 You hear rumbling in the distance.
 You hear rumbling in the distance.
 What do you want to wear?
 You feel that monsters have difficulty pinpointing your location.
 You are now wearing a cloak of displacement.
 In what direction? i
 Never mind.
 Really quit without saving? [yn] (n) y
 Do you want your possessions identified? [ynq] (y) y
 Do you want to see your attributes? [ynq] (y) y
 Do you want an account of creatures vanquished? [ynaq] (y) y
 Do you want to see your conduct and achievements? [ynq] (y) y
 Do you want to see the dungeon overview? [ynq] (y) y

Inventory:
 Coins    ('$')
  $ - 63 gold pieces
 Weapons  (')')
  k - 6 +1 darts
  s - 5 +0 darts (at the ready)
  v - 22 cursed +0 darts
  t - a poisoned +0 dart
  a - a +2 bullwhip (weapon in right hand)
 Armor    ('[')
  j - an uncursed +1 elven leather helm
  c - an uncursed +0 fedora
  z - an uncursed +0 orcish helm (being worn)
  A - a cursed -1 orcish helm
  q - a cursed -1 cloak of displacement (being worn)
  b - a blessed +0 leather jacket (being worn)
 Comestibles  ('%')
  u - 2 cursed apples
  B - an uncursed clove of garlic
  d - 5 uncursed food rations
  l - a cursed food ration
 Scrolls  ('?')
  p - an uncursed scroll of fire
 Potions  ('!')
  y - an uncursed potion of healing
 Tools    ('(')
  h - an empty uncursed sack
  o - an uncursed leash
  e - a +0 pick-axe (alternate weapon; not wielded)
  n - an uncursed tin opener
  f - a tinning kit (0:44)
 Gems/Stones  ('*')
  D - an uncursed obsidian stone
  m - a cursed worthless piece of red glass
  g - an uncursed touchstone

Jobair the Archeologist's attributes:

Background:
 You were a Field Worker, a level 3 female human Archeologist.
 You were lawful, on a mission for Quetzalcoatl
 who was opposed by Camaxtli (neutral) and Huhetotl (chaotic).
 You were right-handed.
 You were in the Dungeons of Doom, on level 5.
 You entered the dungeon 1624 turns ago.
 You had 71 experience points, 9 more were needed to attain level 4.

Basics:
 You had all 27 hit points.
 You had all 12 energy points (spell power).
 Your armor class was 8.
 Your wallet contained 63 zorkmids.
 Autopickup was off.

Final Characteristics:
 Your strength was 14 (limit:18/100).
 Your dexterity was 9 (limit:18).
 Your constitution was 13 (limit:18).
 Your intelligence was 15 (limit:18).
 Your wisdom was 14 (limit:18).
 Your charisma was 11 (limit:18).

Final Status:
 You weren't hungry.
 You were unencumbered.
 You were wielding a whip.
 You had basic skill with whip.

Final Attributes:
 You were devoutly aligned.
 You had automatic searching.
 You were displaced.
 You were warded.
 You survived.

Miscellaneous:
 You didn't encounter any bones levels.
 Total elapsed playing time was 10 minutes and 32 seconds.

Major events:
 Turn
    1: Jobair the lawful female human Archeologist entered the dungeon
 1046: entered the Gnomish Mines
 1113: attained the rank of Field Worker (level 3)
 1624: quit

You didn't know any spells.

Skills:
 Fighting Skills
   bare handed combat [Unskilled]
   two weapon combat  [Unskilled]
   riding             [Unskilled]
 Weapon Skills
   dagger             [Unskilled]
   knife              [Unskilled]
   pick-axe           [Basic]
   short sword        [Unskilled]
   saber              [Unskilled]
   club               [Unskilled]
   quarterstaff       [Unskilled]
   sling              [Unskilled]
   dart               [Unskilled]
   boomerang          [Unskilled]
   whip               [Basic]
   unicorn horn       [Unskilled]
 Spellcasting Skills
   attack spells      [Unskilled]
   healing spells     [Unskilled]
   divination spells  [Unskilled]
   matter spells      [Unskilled]

Voluntary challenges:
 Character rerolling was not enabled.
 You never genocided any monsters.
 You never polymorphed an object.
 You never changed form.
 You used no wishes.
Achievements:
 You entered the Gnomish Mines.
 You attained the rank of Field Worker.

 The Dungeons of Doom: levels 1 to 5
    Level 1:
       Some altars, a fountain.
    Level 2:
       A grave.
    Level 3:
       A fountain.
       Stairs down to The Gnomish Mines.
    Level 4:
    Level 5: <- You were here.
 The Gnomish Mines:
    Level 4:


Vanquished creatures:
  2 little dogs
  a floating eye
  a homunculus
 an iguana
 an acid blob
  4 giant rats
  a green mold
  a gecko
  a jackal
  3 foxes
  2 goblins
  2 sewer rats
  2 grid bugs
  3 lichens
  4 newts
29 creatures vanquished.

No species were genocided or became extinct.

Goodbye Jobair the Archeologist...

You quit in The Dungeons of Doom on dungeon level 5 with 547 points,
and 63 pieces of gold, after 1624 moves.
You were level 3 with a maximum of 27 hit points when you quit.

